Map: Equilibrium LE

Players

Subwayeatn - Winner!

  • Race: Terran Terran
  • League: Platinum
  • Spawn Location: 1:00

DDDandKRIBY

  • Race: Terran Terran
  • Spawn Location: 11:00

VOD

Have the link to the VOD?

Description

Time

  • Played on: Nov. 7, 2023, 8 p.m.
  • Length: 14:32
Show
View Real Time Build Order
Export as new Build Order

Subwayeatn Terran - Winner!

Build Orders:  

Get SALT Encoding   

  12  0:00  SCV  
  13  0:12  SCV  
  14  0:18  Supply Depot  
  14  0:24  SCV  
  15  0:42  Barracks  
  15  0:47  SCV  
  16  0:53  Refinery  
  16  0:59  SCV  
  17  1:11  SCV  
  18  1:23  SCV  
  19  1:28  Marine  
  20  1:33  Supply Depot  
  20  1:35  SCV  
  21  1:42  Command Center  
  21  1:47  SCV  
  22  2:01  Barracks Reactor  
  22  2:09  SCV  
  22  2:10  Barracks  
  23  2:18  Factory  
  23  2:22  Refinery  
  23  2:39  Marine x2  
  25  2:48  Orbital Command  
  25  2:56  Orbital Command  
  25  3:05  Marine  
  26  3:06  Marine  
  26  3:07  Barracks Tech Lab  
  27  3:13  Factory Tech Lab  
  27  3:15  SCV  
  28  3:21  SCV  
  28  3:22  Starport  
  29  3:27  SCV  
  29  3:33  SCV  
  31  3:39  Refinery  
  31  3:40  SCV  
  32  3:45  SCV  
  32  3:47  Marine x2, Marauder  
  37  3:50  Combat Shield  
  37  3:52  SCV  
  38  3:59  SCV  
  38  4:02  Siege Tank  
  42  4:09  Starport Reactor  
  42  4:10  SCV  
  42  4:11  SCV  
  43  4:21  Marine x3  
  40  4:39  Marine x3  
  40  4:47  SCV x2  
  40  4:49  Siege Tank  
  45  4:59  SCV  
  46  5:09  Concussive Shells  
  46  5:15  Supply Depot x2  
  46  5:35  Supply Depot  
  46  5:36  Marauder, SCV x2, Marine x2  
  46  5:38  Supply Depot x2  
  46  5:41  Siege Tank  
  55  5:43  Medivac x2  
  55  5:46  Engineering Bay  
  55  5:48  SCV x2  
  61  5:52  Stimpack  
  61  5:54  Marine  
  62  5:57  Marine  
  62  5:58  Marauder  
  62  6:00  SCV  
  62  6:02  SCV  
  67  6:06  Supply Depot  
  67  6:11  Marine  
  67  6:12  SCV  
  67  6:13  Medivac x2  
  67  6:14  Marine, SCV  
  67  6:17  Terran Infantry Weapons Level 1  
  75  6:19  Marauder  
  77  6:31  Missile Turret  
  78  6:32  SCV  
  78  6:33  SCV  
  79  6:43  Command Center  
  79  6:53  Missile Turret  
  79  7:02  SCV x2  
  81  7:14  SCV  
  81  7:15  Marine x3, SCV  
  86  7:25  Missile Turret  
  86  7:26  Barracks  
  86  7:27  SCV x2  
  88  7:31  Factory  
  88  7:32  Marine  
  88  7:33  Marine  
  88  7:34  Marauder  
  92  7:39  SCV  
  93  7:45  SCV  
  93  7:46  Supply Depot x2  
  93  7:47  Missile Turret, Supply Depot, Refinery  
  93  7:50  Supply Depot  
  94  7:55  Marauder, SCV  
  97  8:05  Command Center  
  97  8:06  Marine x2  
  99  8:13  Terran Infantry Armor Level 1  
  99  8:16  Marauder  
  99  8:19  Armory  
  101  8:20  Siege Tank  
  91  8:59  Marine x3  
  91  9:00  Marine  
  92  9:09  SCV x2  
  92  9:18  Missile Turret, Marauder  
  92  9:19  Missile Turret, Refinery  
  94  9:24  Missile Turret  
  94  9:25  Missile Turret  
  94  9:30  SCV  
  94  9:31  Marine x2  
  95  9:32  Missile Turret  
  95  9:34  Barracks Tech Lab, Missile Turret x2  
  97  9:39  Marauder  
  97  9:42  Bunker  
  97  9:43  Factory Tech Lab  
  99  9:45  Missile Turret  
  99  9:46  SCV x2, Refinery  
  99  9:48  Thor  
  107  9:54  Missile Turret, Marine x3  
  110  10:01  Marauder  
  112  10:10  Missile Turret, Refinery  
  112  10:11  Planetary Fortress  
  112  10:12  Marine  
  112  10:13  Planetary Fortress, Marauder  
  115  10:14  Refinery  
  115  10:16  Marine  
  116  10:22  Marine  
  116  10:23  Thor  
  123  10:29  Medivac  
  123  10:30  Thor, Medivac, Marine  
  123  10:31  Missile Turret  
  123  10:33  Marine  
  135  10:37  Marine  
  135  10:40  Marauder  
  138  10:47  Marine, SCV x2  
  138  10:48  SCV  
  142  10:52  Marauder  
  142  10:54  Missile Turret, Marine  
  145  10:59  SCV x2  
  145  11:01  Marauder  
  149  11:06  Thor, Supply Depot  
  149  11:07  Supply Depot  
  149  11:08  Terran Vehicle Weapons Level 1  
  149  11:09  Supply Depot  
  155  11:11  Terran Infantry Weapons Level 2  
  155  11:18  Supply Depot  
  155  11:25  Marine  
  155  11:28  Marauder, Reaper, Marine  
  155  11:29  Thor  
  166  11:38  SCV x2  
  168  11:40  SCV x2, Supply Depot  
  168  11:43  Reaper  
  168  11:46  Marauder  
  173  11:49  Thor, Reaper  
  173  11:51  SCV x2  
  173  11:52  SCV  
  173  11:53  SCV  
  184  12:00  Marine  
  174  12:03  SCV  
  174  12:07  Marauder  
  159  12:25  Marine x3  
  159  12:28  Marine  
  129  12:43  Marine x2  
  129  12:44  Marauder  
  120  12:47  Marauder  
  114  12:51  Thor  
  114  12:52  Thor  
  126  13:01  Marine x2  
  126  13:03  Medivac x2  
  126  13:05  Marauder  
  134  13:08  Marauder  
  136  13:18  Marine  
  136  13:19  Marine  
  138  13:23  Barracks x2  
  138  13:25  Barracks  
  138  13:26  Marauder  
  140  13:29  Marauder  
  140  13:33  Medivac  
  144  13:35  Command Center  
  144  13:36  Marine x2  
  144  13:38  Refinery x2  
  146  13:48  Marauder  
  147  13:51  Marauder  
  147  13:54  Marine x2  
  147  14:09  Marauder  
  132  14:12  Marine x3  
Show
View Real Time Build Order
Export as new Build Order

DDDandKRIBY Terran 

Build Orders: Cyclone Opening 

Get SALT Encoding   

  12  0:00  SCV  
  13  0:14  SCV  
  14  0:21  Supply Depot  
  14  0:26  SCV  
  15  0:37  Refinery  
  15  0:45  Barracks  
  15  0:47  SCV  
  16  0:59  SCV  
  16  1:01  Supply Depot  
  17  1:12  SCV  
  18  1:25  SCV  
  19  1:35  Marine  
  20  1:41  Factory  
  20  2:00  Orbital Command  
  19  2:02  Barracks Reactor  
  19  2:09  Barracks  
  19  2:10  Refinery  
  19  2:25  Cyclone  
  19  2:27  SCV  
  22  2:39  SCV  
  22  2:42  Marine x2  
  25  2:51  SCV  
  26  3:00  Cyclone  
  26  3:01  Barracks Tech Lab, Marine x2  
  30  3:19  Command Center  
  30  3:26  Combat Shield  
  30  3:41  SCV  
  31  3:49  Factory Reactor  
  31  3:54  Supply Depot  
  31  3:57  Supply Depot  
  29  4:09  SCV  
  30  4:10  Marine  
  30  4:15  Marine  
  30  4:16  Marauder  
  34  4:22  SCV  
  32  5:00  Barracks  
  32  5:01  Starport  
  32  5:02  Cyclone x2  
  32  5:05  Concussive Shells  
  38  5:07  Marauder, Marine x2  
  38  5:13  SCV  
  38  5:14  SCV  
  42  5:25  Marine x2  
  44  5:44  Starport Tech Lab  
  44  5:49  Fusion Core  
  44  5:56  Hellion x2  
  48  6:00  Armory  
  48  6:01  SCV  
  48  6:03  Orbital Command  
  49  6:14  SCV  
  50  6:26  SCV  
  50  6:29  Barracks Reactor  
  50  6:30  Stimpack  
  51  6:34  Hellion  
  51  6:38  Battlecruiser, SCV  
  60  6:50  SCV  
  59  7:20  Refinery  
  59  7:21  Refinery  
  59  7:23  Weapon Refit  
  59  7:29  Terran Vehicle And Ship Armor Level 1  
  59  7:35  Factory  
  59  7:36  SCV x2  
  61  7:48  SCV  
  61  7:50  Marauder  
  64  8:02  Marine x2  
  66  8:09  Cyclone x2  
  66  8:10  Marine  
  66  8:11  Marine x2  
  73  8:17  SCV x2  
  75  8:20  Marine x2  
  77  8:28  Marine  
  78  8:42  SCV  
  57  9:11  Battlecruiser  
  57  9:13  Factory Tech Lab  
  57  9:14  Starport  
  57  9:15  Cyclone x2  
  57  9:17  Marauder  
  69  9:19  Marine x2  
  69  9:20  Marine x2  
  73  9:25  SCV x2  
  75  9:36  Hurricane Engines  
  75  9:37  Marine x2, SCV  
  78  9:39  Command Center  
  78  9:47  Supply Depot  
  78  9:48  Supply Depot  
  78  9:51  Terran Vehicle And Ship Armor Level 2  
  78  9:52  Engineering Bay  
  78  9:59  Starport Tech Lab  
  78  10:09  Marine x2  
  80  10:17  Battlecruiser  
  86  10:26  Battlecruiser  
  92  10:32  Marine x2  
  94  10:40  Marine x2  
  94  10:41  Supply Depot  
  96  10:43  Supply Depot  
  96  10:59  Marine x2  
  96  11:02  Terran Infantry Weapons Level 1  
  98  11:13  Hellbat  
  98  11:14  Hellbat, Reaper x2  
  98  11:17  Thor  
  110  11:25  Orbital Command  
  110  11:42  Raven  
  110  11:43  Raven  
  44  12:44  Cyclone  
  44  12:45  Cyclone  
  44  12:47  Thor  
  44  12:48  Battlecruiser  
  58  13:08  Refinery  
  58  13:10  Refinery  
Tags
 
League
Platinum
Matchup
TvT
Race
Terran
Replay Pack
Multiplayer
Spawn Locations
Close Positions
Add a new tag
Caveats
  • Supply blocks, unpowered buildings, or Contaminate may cause inaccurate times.
  • Supply counts are checked every 10 seconds.